 Dungeon Crawl Stone Soup version 0.18-a0-1426-g3b9a63c (webtiles) character file.

264918 namelastname112 the Unseen (level 19, -2/172 HPs)
             Began as a Green Draconian Wanderer on Feb 27, 2016.
             Was an Initiate of Gozag.
             Slain by a deep elf knight
             ... wielding a +0 long sword
              (12 damage)
             ... on level 3 of the Elven Halls.
             The game lasted 01:52:04 (42567 turns).

namelastname112 the Unseen (DrWn)                  Turns: 42567, Time: 01:52:04

Health: -2/172     AC: 16    Str: 34    XL:     19   Next: 28%
Magic:  0/19       EV: 25    Int: 10    God:    Gozag
Gold:   3462       SH:  8    Dex: 21    Spells: 0 memorised, 18 levels left

rFire  + . .     SeeInvis .     w - +3 short sword (elec)
rCold  . . .     Gourm    .     (armour unavailable)
rNeg   . . .     Faith    .     x - +2 buckler of Incorporation {+Fly Str+4 Slay+2}
rPois  +         Spirit   +     u - +0 hat {Spirit}
rElec  +         Dismiss  .     g - +0 cloak of Weukafuc {rElec rCorr Int+2}
rCorr  +         Reflect  .     D - +2 pair of gloves {Str+3}
SustAt .         Harm     .     Z - +1 pair of boots {run}
MR     +....                    F - amulet of regeneration
Stlth  +++.......               U - ring of Buck {Str+6 Dex+4 Stlth-}
                                R - +5 ring of slaying

@: gold aura, quick, somewhat resistant to hostile enchantments, fairly stealthy
A: breathe noxious fumes, unfitting armour, stinger 1, blink, fire resistance 1,
poison resistance, regeneration 1, cold-blooded, subdued magic 1, AC +10
a: Breathe Noxious Fumes, Blink, Potion Petition, Call Merchant, Bribe Branch,
Renounce Religion, Evoke Flight
}: 2/15 runes: barnacled, abyssal


You were on level 3 of the Elven Halls.
You worshipped Gozag.
Gozag was noncommittal.
You were not hungry.

You visited 5 branches of the dungeon, and saw 32 of its levels.
You visited the Abyss 1 time.
You also visited: Trove, Ossuary, Bailey and Ice Cave.

You collected 15135 gold pieces.
You spent 3522 gold pieces at shops.
You paid 8117 gold pieces to Gozag.

Inventory:

Hand Weapons
 b - a +4 blowgun
 w - a +3 short sword of electrocution (weapon)
Missiles
 f - 2 needles of paralysis
 r - 13 needles of confusion
 y - 23 poisoned javelins (quivered)
 Q - 14 throwing nets
 W - 3 curare-tipped needles
Armour
 g - the +0 cloak of Weukafuc (worn) {rElec rCorr Int+2}
   (You found it in a treasure trove)

   It affects your intelligence (+2).
   It insulates you from electricity.
   It protects you from acid and corrosion.
 u - a +0 hat of spirit shield (worn)
 x - the +2 buckler of Incorporation (worn) {+Fly Str+4 Slay+2}
   (You found it in a treasure trove)

   It affects your strength (+4).
   It affects your accuracy and damage with ranged weapons and melee attacks
   (+2).
   It lets you fly.
 D - a +2 pair of gloves of strength (worn)
 Z - a +1 pair of boots of running (worn)
Jewellery
 h - an uncursed ring of protection from fire
 z - an uncursed ring of protection from cold
 F - an amulet of regeneration (around neck)
 R - a +5 ring of slaying (left hand)
 U - the ring of Buck (right hand) {Str+6 Dex+4 Stlth-}
   (You found it on level 10 of the Dungeon)

   [ring of loudness]

   It affects your strength (+6).
   It affects your dexterity (+4).
   It makes you less stealthy.
Wands
 t - a wand of disintegration (3/24)
 B - a wand of digging (14/24)
 N - a wand of acid (8/15)
 O - a wand of teleportation (6/9)
 P - a wand of digging (16/24)
Scrolls
 a - 3 scrolls of fog
 c - 10 scrolls of teleportation
 e - 15 scrolls of remove curse
 k - 2 scrolls of recharging
 l - 3 scrolls of magic mapping
 q - 5 scrolls of fear
 A - 22 scrolls of identify
 I - 2 scrolls of silence
 L - a scroll of brand weapon
 M - a scroll of enchant armour
 S - 2 scrolls of enchant weapon
 T - a scroll of amnesia
Potions
 j - 2 potions of cancellation
 m - 3 potions of magic
 o - 7 potions of ambrosia
 p - 23 potions of curing
 s - 5 potions of agility
 v - 15 potions of flight
 C - 4 potions of brilliance
 E - 4 potions of might
 H - 4 potions of berserk rage
 J - 5 potions of haste
 K - a potion of resistance
 X - a potion of cure mutation
 Y - 3 potions of lignification
Miscellaneous
 i - a fan of gales (inert)
 n - a box of beasts
 G - a phial of floods (inert)
Comestibles
 d - 17 bread rations
 V - 16 fruits


   Skills:
 + Level 16.0 Fighting
 + Level 15.5 Short Blades
   Level 3.8 Maces & Flails
 * Level 12.5 Throwing
 + Level 13.8 Dodging
 * Level 18.4 Stealth
 - Level 4.4 Shields
   Level 2.0 Necromancy
   Level 1.0 Air Magic
 - Level 1.0 Evocations


You had 18 spell levels left.
You didn't know any spells.

Dungeon Overview and Level Annotations

Branches:
Dungeon (15/15)            Temple (0/1) D:5            Lair (8/8) D:8
 Shoals (4/4) Lair:3        Snake (0/4) Lair:3        Slime (0/6) Lair:6
    Orc (2/2) D:11            Elf (3/3) Orc:2        Vaults (0/5) D:13
 Depths (0/5) D:15

Altars:
Cheibriados
Dithmenos
Elyvilon
Fedhas
Gozag
Makhleb
Nemelex Xobeh
Pakellas
Sif Muna
Vehumet
Yredelemnul
The Shining One
Beogh
Jiyva

Shops:
D:6 [   D:9 (   D:11 *   D:13 =   Orc:2 :(*[   Elf:3 }   Lair:1 [((*(([

Annotations:
Lair:6 1 runed door
Elf:2 3 runed doors


Innate Abilities, Weirdness & Mutations

You can breathe blasts of noxious fumes.
Your lurid green scales are hard (AC +10).
Your body does not fit into most forms of armour.
Your tail ends in a poisonous barb.
Your system is resistant to poisons.
You are cold-blooded and may be slowed by cold attacks.
You can translocate small distances at will.
Your flesh is heat resistant.
Your natural rate of healing is unusually fast.
Your spells are a little easier to cast, but a little less powerful.


Message History

The deep elf archer shoots an arrow.
The arrow hits your water elemental!!
You hear a splash.
The halberd of flaming hits you from afar!
* * * LOW HITPOINT WARNING * * *
The halberd of flaming burns you.
* * * LOW HITPOINT WARNING * * *
You hear some strange, mumbled words.
A shard of ice appears from out of thin air!
The shard of ice hits you!
* * * LOW HITPOINT WARNING * * *
Read which item? (? for menu, Esc to quit)
Okay, then.
Read which item? (? for menu, Esc to quit)
As you read the scroll of fear, it crumbles to dust.
You assume a fearsome visage.
Your water elemental is unaffected.
The halberd of flaming is unaffected.
The deep elf archer looks frightened!
Something hits you!
You die...
Your body crumbles into a pile of gold.

#.......##...<# #....
#.......#.....## ##.##
###.#...#........## #.#
#.......#.........## #.#
##....<.#...........# #.#
#..........≈≈...(...# #.#
##.......#.≈(≈...)...#####.#
#.........#≈E≈.[(..........#
##.......#.{@≈e....#########
#..........#...(.[# ##
##......####......# .###
#.....#########.##
...#####............#.# ########
)....# #....#######.#(# #......#
.....# #....##...##.#.###.#.##.#
.....###....##.......[...###.#.##
....................#.#.## ##....


You could see a deep elf archer (fleeing), a halberd of flaming and a friendly
water elemental.

Vanquished Creatures
  Saint Roka (Orc:2)
  An Ice Fiend (IceCv)
  2 deep elf blademasters (Elf:3)
  2 deep elf master archers (Elf:3)
  A tentacled starspawn (Abyss:3)
  Kirke (Lair:5)
  Ilsuiw (Shoals:4)
  An orc warlord (Orc:2)
  7 deep elf sorcerers (Elf:3)
  4 deep elf elementalists (Elf:3)
  9 deep elf annihilators (Elf:3)
  Nessos (D:13)
  2 deep elf demonologists (Elf:3)
  5 deep elf death magi (Elf:3)
  9 vault guards
  13 merfolk impalers
  2 merfolk javelineers (Shoals:4)
  3 deep elf high priests
  Fannar (Lair:2)
  10 hydras
  A ghost crab (Abyss:3)
  4 satyrs
  10 death yaks (Lair:8)
  4 centaur warriors
  An anaconda (shapeshifter) (D:15)
  A catoblepas (Lair:8)
  7 merfolk aquamancers
  A satyr (shapeshifter) (D:14)
  A queen ant (Lair:3)
  A deep troll shaman (Lair:8)
  A vampire mage (D:15)
  Urug (D:12)
  Nergalle (Lair:3)
  An orc high priest (Orc:2)
  A storm dragon zombie (D:15)
  8 deep elf knights
  A fire crab (Abyss:3)
  5 skeletal warriors (D:15)
  4 unseen horrors
  19 sea snakes
  13 deep elf archers
  A necromancer (D:15)
  5 hill giants
  14 orc knights
  A lindwurm (Lair:8)
  11 harpies
  45 deep elf magi
  A sphinx zombie (D:15)
  6 orc sorcerers (Orc:2)
  5 water nymphs
  A stone giant zombie (D:15)
  4 cyclopes
  15 manticores
  11 griffons
  14 ugly things
  2 black mambas
  14 fauns
  14 sirens
  24 elephants
  6 ice statues
  3 apocalypse crabs (Abyss:3)
  2 molten gargoyles (Lair:3)
  A torpor snail (Lair:8)
  14 spiny frogs
  4 gargoyles
  5 centaur skeletons
  2 efreet
  7 ice devils (IceCv)
  A kobold demonologist (D:10)
  5 komodo dragons
  4 rime drakes
  A golden dragon simulacrum (IceCv)
  A harpy zombie (D:15)
  4 tengu conjurers
  A queen bee (D:9)
  41 merfolk
  10 trolls
  2 polar bears
  3 wind drakes
  A wolf spider simulacrum (D:15)
  A spriggan zombie (D:15)
  Prince Ribbit (Lair:2)
  13 snapping turtles
  A boulder beetle (D:10)
  12 slime creatures
  2 hornet zombies (D:15)
  17 blink frogs
  13 water elementals
  2 air elementals
  3 wyverns
  2 humans
  3 hogs
  A dire elephant simulacrum (IceCv)
  6 basilisks
  A shadow (D:13)
  A large abomination (Abyss:3)
  48 yaks
  3 small abominations (Abyss:3)
  3 wraiths
  A fire elemental (Elf:3)
  The ghost of Foomius the Grave Robber, an amateur DsNe (D:3)
  3 vampire mosquitoes (D:15)
  19 hippogriffs
  A steam dragon (shapeshifter) (Elf:3)
  A basilisk (shapeshifter) (D:13)
  14 wolves
  2 steam dragons
  A mottled dragon (D:10)
  6 wargs
  4 iron troll simulacra (IceCv)
  3 nagas
  2 hydra simulacra (IceCv)
  2 insubstantial wisps (D:8)
  5 soldier ants (Lair:3)
  12 water moccasins
  12 porcupines
  41 orc warriors
  5 sky beasts
  Duvessa (D:7)
  3 black bears
  4 ice beasts
  A wasp (D:13)
  An eye of draining (D:10)
  A phantom (D:9)
  2 ettin simulacra (IceCv)
  A necrophage (D:11)
  9 ogres
  18 centaurs
  16 crocodiles
  A big kobold (D:13)
  27 giant frogs
  2 gnoll sergeants
  A wyvern zombie (D:12)
  Blork the orc (Orc:2)
  An earth elemental (Elf:2)
  Dowan (D:7)
  A wyvern skeleton (D:15)
  11 scorpions
  44 killer bees
  12 wights
  2 electric eels
  3 howler monkeys
  4 crimson imps
  2 giant frog zombies
  4 lava snakes (Lair:3)
  8 centaur zombies
  10 hounds
  2 quasits
  A human zombie (Ossuary)
  25 orc priests
  3 giant frog skeletons
  3 jellies
  Crazy Yiuf (D:7)
  7 iguanas
  20 orc wizards
  18 worker ants
  36 sheep
  A killer bee zombie (D:9)
  A big kobold zombie (Ossuary)
  2 hound skeletons
  6 mummies (Ossuary)
  A howler monkey zombie (D:10)
  15 gnolls
  15 adders
  33 river rats
  7 shadow imps
  An ooze (D:6)
  2 adder skeletons
  An adder zombie (D:5)
  3 worms
  A dart slug (D:2)
  11 giant geckos
  100 orcs
  5 giant cockroaches
  6 hobgoblins
  19 jackals
  4 quokkas
  A ball python (D:3)
  9 bats
  A giant gecko zombie (D:6)
  3 giant newts
  2 gnoll zombies (Ossuary)
  19 goblins
  2 goblin zombies (Ossuary)
  A hobgoblin zombie (Ossuary)
  9 kobolds
  A kobold zombie (Ossuary)
  A quokka skeleton (D:6)
  7 rats
  A spectral orc (D:7)
  2 fungi (D:7)
  A plant (Lair:1)
1338 creatures vanquished.

Vanquished Creatures (collateral kills)
  A merfolk (Elf:3)
  2 killer bees (D:9)
3 creatures vanquished.

Vanquished Creatures (others)
  8 dancing weapons
  A deep elf archer (Elf:1)
  An orc knight (D:10)
  A manticore (Shoals:4)
  A faun (Shoals:4)
  A yak (D:11)
  An orc warrior (Orc:2)
  A sky beast (D:8)
  A bush (D:5)
  6 fungi
  10 plants
  3 starspawn tentacles (Abyss:3)
  33 starspawn tentacle segments (Abyss:3)
  4 tentacles (Shoals:3)
  150 tentacle segments (Shoals:3)
  4 withered plants (D:15)
226 creatures vanquished.

Grand Total: 1567 creatures vanquished

Notes
Turn   | Place    | Note
--------------------------------------------------------------
     0 | D:1      | namelastname112 the Draconian Wanderer began the quest for the Orb.
     0 | D:1      | namelastname112 set off with: a +2 mace, the Handbook of Snow, a scroll of teleportation, a bread ration
     0 | D:1      | Reached XP level 1. HP: 19/19 MP: 1/1
   256 | D:1      | Reached XP level 2. HP: 26/26 MP: 2/2
   815 | D:2      | Reached skill level 1 in Dodging
   815 | D:2      | Reached XP level 3. HP: 19/33 MP: 3/3
  1391 | D:2      | Reached XP level 4. HP: 19/40 MP: 4/4
  1931 | D:3      | Noticed Foomius's ghost (amateur DsNe)
  2350 | D:2      | Reached XP level 5. HP: 47/47 MP: 5/5
  2422 | D:3      | Killed Foomius's ghost
  2422 | D:3      | Reached XP level 6. HP: 16/53 MP: 6/6
  2671 | D:3      | Found an oddly glowing altar of Pakellas.
  3022 | D:4      | Reached skill level 5 in Fighting
  3054 | D:5      | Entered Level 5 of the Dungeon
  3588 | D:4      | Found an opulent altar of Gozag.
  3589 | D:4      | Found a blossoming altar of Fedhas.
  3601 | D:4      | Became a worshipper of Gozag Ym Sagoz the Greedy
  4055 | D:5      | Your scales start taking on a lurid green colour.
  4055 | D:5      | Reached XP level 7. HP: 13/62 MP: 7/7
  4055 | D:5      | Gained mutation: Your system is resistant to poisons. [Green Draconian growth]
  4205 | D:5      | Got a scorched flail
  4206 | D:5      | Identified the +9 flail of Kismet {holy, rC+ SInv} (You found it on level 5 of the Dungeon)
  4309 | D:5      | Reached skill level 2 in Stealth
  4346 | D:5      | Reached XP level 8. HP: 45/71 MP: 8/8
  4424 | D:5      | Found a staircase to the Ecumenical Temple.
  4686 | D:6      | Reached skill level 5 in Dodging
  4845 | D:6      | Reached skill level 3 in Stealth
  5177 | D:6      | Found Ugolouxo's Antique Armour Shoppe.
  5180 | D:6      | Bought a shiny chain mail for 117 gold pieces
  5180 | D:6      | Bought a pair of glowing gloves for 117 gold pieces
  5429 | D:7      | Found a flagged portal.
  5434 | Bailey   | Entered a bailey
  5579 | Bailey   | Gained mutation: Your body sometimes deteriorates upon taking damage. [potion of mutation]
  5579 | Bailey   | Gained mutation: Scrolls take you a little longer to read. [potion of mutation]
  5579 | Bailey   | Gained mutation: You are agile. (Dex +2) [potion of mutation]
  5581 | Bailey   | Lost mutation: You are agile. (Dex +2) [potion of cure mutation]
  5581 | Bailey   | Lost mutation: Scrolls take you a little longer to read. [potion of cure mutation]
  5581 | Bailey   | Lost mutation: Your body sometimes deteriorates upon taking damage. [potion of cure mutation]
  5938 | Bailey   | Noticed an orc knight
  5938 | Bailey   | Noticed an orc knight
  6039 | Bailey   | Killed an orc knight
  6039 | Bailey   | Reached skill level 4 in Stealth
  6039 | Bailey   | Reached XP level 9. HP: 27/82 MP: 9/9
  6245 | Bailey   | Killed an orc knight
  6245 | Bailey   | Reached skill level 5 in Short Blades
  6245 | Bailey   | Reached skill level 5 in Stealth
  6489 | Bailey   | Noticed an orc knight
  6489 | Bailey   | Noticed an orc knight
  6489 | Bailey   | Noticed an orc knight
  6561 | Bailey   | Killed an orc knight
  6661 | Bailey   | Killed an orc knight
  6661 | Bailey   | Reached skill level 6 in Stealth
  6661 | Bailey   | Reached XP level 10. HP: 89/91 MP: 10/10
  6779 | Bailey   | Killed an orc knight
  6896 | D:7      | Noticed Crazy Yiuf
  6902 | D:7      | Killed Crazy Yiuf
  6960 | D:7      | Noticed Duvessa
  6963 | D:7      | Noticed Dowan
  6967 | D:7      | Killed Duvessa
  6987 | D:7      | Killed Dowan
  7070 | D:7      | Found a basalt altar of Yredelemnul.
  7214 | D:7      | Reached skill level 7 in Stealth
  7847 | D:8      | Found a white marble altar of Elyvilon.
  7893 | D:8      | Found a sand-covered staircase.
  7908 | Ossuary  | Entered an ossuary
  8200 | D:8      | Found a radiant altar of Vehumet.
  8474 | D:8      | Found a staircase to the Lair.
  8504 | D:8      | Reached skill level 8 in Stealth
  8596 | D:8      | Found a snail-covered altar of Cheibriados.
  8821 | D:8      | Found a shadowy altar of Dithmenos.
  8971 | D:8      | Reached skill level 10 in Fighting
  8971 | D:8      | Reached skill level 9 in Stealth
  8971 | D:8      | Reached XP level 11. HP: 97/101 MP: 11/11
  8973 | D:8      | Gained mutation: Your spells are a little easier to cast, but a little less powerful. [potion of mutation]
  8973 | D:8      | Gained mutation: You expend magic power (3 MP) to strengthen your wands. [potion of mutation]
  8973 | D:8      | Gained mutation: Your muscles are strong. (Str +2) [potion of mutation]
  9065 | D:9      | Reached XP level 12. HP: 107/107 MP: 12/12
  9211 | D:9      | Found a glowing golden altar of the Shining One.
  9267 | D:9      | Found Otepsuj's Weapon Shop.
  9327 | D:9      | Reached skill level 10 in Short Blades
  9392 | D:9      | Reached skill level 10 in Stealth
  9713 | D:10     | Entered Level 10 of the Dungeon
 10022 | D:10     | Got a flickering lapis lazuli ring
 10027 | D:10     | Identified the ring of Buck {Str+6 Dex+4 Stlth-} (You found it on level 10 of the Dungeon)
 10812 | D:11     | Found Todig's Elemental Accessories.
 11429 | D:11     | Reached skill level 11 in Stealth
 11513 | D:11     | Found a staircase to the Orcish Mines.
 11763 | D:12     | Noticed Urug
 11766 | D:12     | Killed Urug
 12235 | D:12     | Reached XP level 13. HP: 109/116 MP: 13/13
 12790 | D:13     | Reached skill level 1 in Shields
 13171 | D:13     | Drew Focus: Str increased to 18, Int decreased to 10
 13376 | D:13     | Noticed Nessos
 13397 | D:13     | Reached skill level 12 in Stealth
 13404 | D:13     | Killed Nessos
 13552 | D:13     | Found Coriomis's Jewellery Shoppe.
 13560 | D:13     | Bought a +5 ring of slaying for 1932 gold pieces
 13665 | D:13     | Found a gate to the Vaults.
 13665 | D:13     | Noticed a vault guard
 13665 | D:13     | Noticed a vault guard
 13665 | D:13     | Noticed a vault guard
 13666 | D:13     | Noticed a vault guard
 13682 | D:13     | Killed a vault guard
 13743 | D:13     | Killed a vault guard
 13759 | D:13     | Killed a vault guard
 13816 | D:13     | Reached skill level 10 in Dodging
 14063 | D:13     | Killed a vault guard
 14442 | D:14     | Gained mutation: Your tail ends in a poisonous barb. [Green Draconian growth]
 14442 | D:14     | Reached XP level 14. HP: 104/126 MP: 14/14
 14647 | D:14     | Reached skill level 13 in Stealth
 15007 | D:15     | Entered Level 15 of the Dungeon
 15179 | D:15     | Reached skill level 1 in Throwing
 15331 | D:15     | Found a staircase to the Depths.
 16798 | D:15     | Reached skill level 14 in Stealth
 16976 | Orc:1    | Entered Level 1 of the Orcish Mines
 16980 | Orc:1    | Found a burning altar of Makhleb.
 17047 | Orc:2    | Entered Level 2 of the Orcish Mines
 17342 | Orc:2    | Noticed Saint Roka
 17616 | Orc:2    | Found a staircase to the Elven Halls.
 17646 | Orc:2    | Noticed an orc warlord
 17799 | Orc:2    | Killed an orc warlord
 18178 | Orc:2    | Killed Saint Roka
 18178 | Orc:2    | Reached XP level 15. HP: 39/135 MP: 15/15
 18491 | Orc:2    | Found a roughly hewn altar of Beogh.
 18537 | Orc:2    | Noticed Blork the orc
 18722 | Orc:2    | Killed Blork the orc
 18873 | Orc:2    | Found Macrirhiomu's Antique Armour Boutique.
 18906 | Orc:2    | Found Eseiss's Antique Weapon Boutique.
 19027 | Orc:2    | Bought a shiny buckler for 135 gold pieces
 19065 | Orc:2    | Found Ifovou's General Store.
 19269 | Orc:2    | Bought 2 potions of heal wounds for 130 gold pieces
 19464 | Orc:2    | Found Borebbed's Book Boutique.
 19987 | Lair:1   | Entered Level 1 of the Lair of Beasts
 21132 | Lair:2   | Found a blossoming altar of Fedhas.
 21292 | Lair:2   | Noticed Fannar
 21301 | Lair:2   | Noticed Prince Ribbit
 21310 | Lair:2   | Killed Prince Ribbit
 21325 | Lair:2   | Killed Fannar
 21875 | Lair:1   | Bought a dazzling dagger for 189 gold pieces
 21875 | Lair:1   | Identified the +1 dagger "Yjuachid" {flame, *Corrode +Inv Str+8 Dex-2} (You bought it in a shop on level 1 of the Lair of Beasts)
 22029 | Lair:3   | Noticed Nergalle
 22040 | Lair:3   | Killed Nergalle
 22185 | Lair:3   | Found a basalt altar of Yredelemnul.
 22228 | Lair:3   | Found a staircase to the Snake Pit.
 22260 | Lair:3   | Reached skill level 5 in Throwing
 22703 | Lair:3   | Reached skill level 15 in Stealth
 22795 | Lair:3   | Found a staircase to the Shoals.
 23986 | Lair:5   | Noticed Kirke
 24033 | Lair:5   | Killed Kirke
 25036 | Lair:6   | Found a runed door.
 25036 | Lair:6   | Found a viscous altar of Jiyva.
 25036 | Lair:6   | Found a staircase to the Slime Pits.
 25337 | Lair:7   | Reached XP level 16. HP: 145/145 MP: 16/16
 26580 | Lair:8   | Entered Level 8 of the Lair of Beasts
 27475 | Lair:8   | Reached skill level 16 in Stealth
 27945 | Lair:1   | Bought a +1 pair of boots of running for 620 gold pieces
 28185 | Elf:1    | Entered Level 1 of the Elven Halls
 28743 | Elf:1    | Found a portal to a secret trove of treasure.
 29852 | Shoals:1 | Entered Level 1 of the Shoals
 30358 | Shoals:1 | Found a deep blue altar of Sif Muna.
 30624 | Shoals:1 | Reached XP level 17. HP: 141/154 MP: 17/17
 32388 | Shoals:3 | Noticed a kraken
 32448 | Shoals:3 | Found a frozen archway.
 32471 | IceCv    | Entered an ice cave
 33034 | IceCv    | Noticed an Ice Fiend
 33040 | IceCv    | Killed an Ice Fiend
 33669 | Shoals:3 | Reached skill level 17 in Stealth
 33966 | Shoals:3 | Reached skill level 10 in Throwing
 34120 | Shoals:3 | Found a sparkling altar of Nemelex Xobeh.
 34125 | Shoals:3 | Noticed a kraken
 34676 | Lair:1   | Bought a +4 blowgun for 269 gold pieces
 34676 | Lair:1   | Bought 2 needles of paralysis for 13 gold pieces
 34682 | Lair:1   | Gained mutation: Your flesh is heat resistant. [potion of mutation]
 34682 | Lair:1   | Gained mutation: Your natural rate of healing is unusually fast. [potion of mutation]
 34682 | Lair:1   | Gained mutation: You can translocate small distances at will. [potion of mutation]
 34890 | Elf:1    | You paid a toll of a +5 demon trident to enter a treasure trove
 34891 | Trove    | Entered a treasure trove
 34897 | Trove    | Got a pair of pitted boots
 34920 | Trove    | Identified the -1 pair of boots "Gavvecad" {+Inv rElec} (You found it in a treasure trove)
 34921 | Trove    | Got a pitted cloak
 34932 | Trove    | Identified the +0 cloak of Weukafuc {rElec rCorr Int+2} (You found it in a treasure trove)
 34933 | Trove    | Got a smoking cloak
 34944 | Trove    | Identified the +2 cloak of Freedom {Str+2} (You found it in a treasure trove)
 34964 | Trove    | Got a pair of faintly glowing boots
 34975 | Trove    | Identified the +2 pair of boots of the Old World {rPois} (You found it in a treasure trove)
 35000 | Trove    | Got a steaming buckler
 35011 | Trove    | Identified the +2 buckler of Incorporation {+Fly Str+4 Slay+2} (You found it in a treasure trove)
 35619 | Shoals:4 | Entered Level 4 of the Shoals
 35885 | Shoals:4 | Reached skill level 15 in Fighting
 36744 | Shoals:4 | Noticed Ilsuiw
 36750 | Shoals:4 | Reached XP level 18. HP: 138/163 MP: 15/18
 36778 | Shoals:4 | Killed Ilsuiw
 37355 | Shoals:4 | Got a barnacled rune of Zot
 37660 | Shoals:4 | Reached skill level 15 in Short Blades
 38862 | Elf:2    | Found a runed gate.
 38862 | Elf:2    | Found a runed gate.
 38863 | Elf:2    | Found a runed gate.
 39155 | Elf:3    | Entered Level 3 of the Elven Halls
 39457 | Elf:3    | Found Komatu's Gadget Shoppe.
 40000 | Elf:3    | Cast into level 3 of the Abyss (a deep elf sorcerer)
 40063 | Abyss:3  | Paralysed by you for 7 turns
 40078 | Abyss:3  | Reached skill level 18 in Stealth
 40097 | Abyss:3  | Got an abyssal rune of Zot
 40196 | Elf:3    | Escaped the Abyss
 41443 | Elf:3    | Reached XP level 19. HP: 167/172 MP: 19/19
 41701 | Elf:3    | Got a glittering iron ring
 41703 | Elf:3    | Identified the ring of Beauty {rPois rF- Dex+8} (You took it off a deep elf blademaster on level 3 of the Elven Halls)
 41885 | Elf:3    | Identified the Compendium of Aid and Sinister Secrets
 41933 | Elf:3    | Lost mutation: You expend magic power (3 MP) to strengthen your wands. [helix card]
 41934 | Elf:3    | Drew Focus: Str increased to 20, Int decreased to 9
 41936 | Elf:3    | Lost mutation: Your muscles are strong. (Str +2) [helix card]
 41946 | Elf:3    | Drew Focus: Str increased to 21, Int decreased to 8
 42152 | Elf:3    | Identified the Volume of Intoxication and Transmutation (You found it on level 3 of the Elven Halls)
 42567 | Elf:3    | Slain by a deep elf knight

Vault maps used:
D:1:      evilmike_arrival_plus, minmay_ruptured
D:2:      minmay_goblin_outpost
D:3:      lemuel_doored_altar, first_bread
D:4:      grunt_temple_overflow_open, minmay_crystal_room
D:5:      minmay_temple_entry_overgrown
D:6:      serial_shops, kennysheep_mini
D:7:      old_forge, yredelemnul_forgotten_temple_becter, enter_bailey_3,
          grunt_livestock, hangedman_decor_points, minmay_misc_feat_enclosed,
          uniq_crazy_yiuf_cottage, uniq_duvessa
D:8:      cheibriados_altar_1, kennysheep_little_box, kennysheep_mini_moat,
          elyvilon_altar_5, erik_lair_orcish_takeover,
          nicolae_ossuary_entry_monument, hangedman_misty_isle
D:9:      nicolae_overflow_hidden_temple, special_room, serial_shops, shop
D:10:     minmay_evil_grid
D:11:     david_orc_1_choice, nicolae_elemental_shop
D:12:     minmay_misc_feat_x, uniq_urug
D:13:     lightli_vaults_fourway_checkpoint, serial_shops, shop,
          wad_floor_pattern_1, uniq_nessos
D:14:     minmay_misc_feat_encased
D:15:     gammafunk_depths_entry_grave, nrook_pool_corridor
Lair:1:   grunt_forest_small_clearings, hibernation_bobbens, lemuel_fruit_fields
Lair:2:   basic_altar, uniq_prince_ribbit2, uniq_fannar
Lair:3:   cheibrodos_magma_flow, minmay_shoals_entry_lonely_mermaid,
          guppyfry_snake_entry_garden, basic_altar, minmay_another_anthill,
          lemuel_fruit_tree, uniq_nergalle
Lair:4:   grunt_megastairs_3
Lair:5:   serial_bayou_ford_a, infiniplex_staircase_pool_2, grunt_megastairs_5,
          uniq_kirke
Lair:6:   slime_altar_2
Lair:8:   grunt_lair_end_beastmaster
Shoals:1: lemuel_centaur_altar
Shoals:3: cheibrodos_shoals_oceanic_diplomacy,
          portal_ice_cave_entry_ice_statue_02, nicolae_shoals_circle_sea_wall,
          wheals_shoals_ruined_temple
Shoals:4: shoals_end_simple, shoal_ilsuiw
Orc:1:    basic_altar
Orc:2:    grunt_orc_cross, nicolae_orc_pool_cavern, sword_in_stone
Elf:1:    elf_arrival_002, enter_trove_5, kennysheep_underground_church
Elf:3:    minmay_elf_hall_spiked, serial_shops, shop
Abyss:3:  nicolae_abyss_rune_more_like_crabyss
Trove:    trove_armour_2
Ossuary:  ossuary_crypta
Bailey:   bailey_polearm_5, bailey
IceCv:    ice_cave_tombish

Skill      XL: |  1  2  3  4  5  6  7  8  9 10 11 12 13 14 15 16 17 18 19 |
---------------+----------------------------------------------------------+-----
Dodging        | 1 2 3 4 6 8 9 10 11 12 13 | 13.8
Maces & Flails | 3 |  3.8
Fighting       | 4 5 6 8 9 10 11 12 13 14 15 16 | 16.0
Short Blades   | 2 3 4 6 9 11 12 13 14 15 | 15.5
Stealth        | 2 4 6 9 11 12 14 15 16 17 18 | 18.4
Shields        | 4 |  4.4
Throwing       | 3 6 8 10 12 | 12.5
Necromancy     | |  2.0
Air Magic      | |  1.0
Evocations     | |  1.0

Action                   |  1- 3 |  4- 6 |  7- 9 | 10-12 | 13-15 | 16-18 | 19-21 || total
-------------------------+-------+-------+-------+-------+-------+-------+-------++-------
Melee: Mace              |    97 |    40 |       |       |       |       |       ||   137
       Short sword       |       |   125 |   296 |   851 |  1687 |  1999 |   150 ||  5108
Throw: Stone             |     3 |       |       |       |       |       |       ||     3
       Javelin           |       |       |     2 |     1 |       |       |       ||     3
       Throwing net      |       |       |       |       |       |     5 |       ||     5
Invok: Potion Petition   |       |       |     2 |       |       |       |       ||     2
       Call Merchant     |       |       |       |       |     4 |     3 |       ||     7
 Abil: Breathe Noxious F |       |       |    20 |    17 |    18 |    25 |     6 ||    86
Evoke: Wand              |       |       |     2 |       |       |     3 |       ||     5
       Deck              |       |       |       |     3 |     4 |     4 |    12 ||    23
       Fan of gales      |       |       |       |       |       |       |     1 ||     1
       Phial of floods   |       |       |       |       |       |       |     1 ||     1
  Use: Scroll            |       |     4 |    16 |     4 |     9 |    14 |     4 ||    51
       Potion            |       |     3 |     3 |     2 |     4 |     8 |       ||    20
 Stab: Sleeping          |     2 |       |     4 |    27 |    36 |    52 |       ||   121
       Distracted        |       |       |     1 |     7 |    28 |    32 |     1 ||    69
       Confused          |       |       |    16 |    19 |    18 |    20 |     3 ||    76
       Paralysed         |       |       |     2 |       |       |       |       ||     2
       Invisible         |       |       |       |       |     4 |    16 |       ||    20
       Held in net/web   |       |       |       |       |       |     4 |       ||     4
  Eat: Chunk             |     1 |     8 |       |       |       |       |       ||     9
       Beef jerky        |       |     1 |       |     3 |     1 |     4 |       ||     9
       Fruit             |       |       |     2 |       |     1 |     1 |     6 ||    10
       Meat ration       |       |       |     2 |       |     5 |     4 |       ||    11
       Pizza             |       |       |     1 |     7 |     2 |     2 |       ||    12
       Bread ration      |       |       |       |     1 |       |     2 |       ||     3
       Royal jelly       |       |       |       |       |     9 |     9 |       ||    18
